Map: Ruins of Endion

Players

Miszu - Winner!

  • Race: Terran Terran
  • League: Master

FeelsBanjo

  • Race: Terran Terran
  • League: Master

VOD

Have the link to the VOD?

Description

Time

  • Played on: June 29, 2016, 1:42 p.m.
  • Length: 6:40
Show
View Real Time Build Order
Export as new Build Order

Miszu Terran - Winner!

Build Orders:  

Get SALT Encoding   

  12  0:01  SCV  
  13  0:13  SCV  
  14  0:18  Supply Depot  
  14  0:25  SCV  
  15  0:40  SCV  
  15  0:41  Barracks  
  16  0:45  Refinery  
  16  0:52  SCV  
  17  1:04  SCV  
  18  1:11  Barracks  
  18  1:16  SCV  
  19  1:29  Orbital Command  
  19  1:30  Reaper  
  20  1:45  Supply Depot  
  20  1:55  SCV  
  20  1:58  Reaper  
  22  2:05  Reaper  
  23  2:14  Command Center  
  23  2:16  SCV  
  24  2:30  Reaper  
  24  2:32  SCV  
  24  2:36  Refinery  
  26  2:38  Barracks  
  26  2:41  Reaper  
  28  2:44  SCV  
  28  2:46  Supply Depot  
  28  2:56  SCV  
  28  3:08  SCV  
  29  3:14  Barracks Reactor  
  29  3:20  SCV  
  29  3:24  Factory  
  29  3:25  Barracks Tech Lab  
  31  3:35  SCV, Orbital Command  
  31  3:47  Marine x2  
  31  3:48  SCV, Stimpack  
  34  3:51  Marine x2  
  36  4:04  SCV  
  36  4:05  Marine x2  
  36  4:09  Starport, Marine, SCV  
  41  4:11  Engineering Bay  
  41  4:14  Marine  
  41  4:15  Factory Reactor  
  41  4:16  SCV  
  43  4:21  Bunker, SCV  
  43  4:23  Marine  
  45  4:28  SCV  
  45  4:29  Refinery  
  46  4:33  Supply Depot  
  46  4:34  SCV  
  47  4:41  Marine  
  47  4:42  Marine x3  
  47  4:44  SCV  
  52  4:56  SCV  
  53  5:03  Supply Depot, SCV  
  53  5:05  Factory Tech Lab  
  54  5:08  Medivac x2  
  54  5:09  SCV  
  59  5:14  Marine  
  59  5:15  SCV  
  59  5:18  Supply Depot  
  59  5:20  Marine  
  62  5:25  Marine x2, SCV  
  62  5:26  Siege Tank  
  68  5:31  Supply Depot  
  66  5:42  SCV x2  
  65  5:44  Marine x3  
  65  5:49  Medivac  
  70  5:54  Marine, SCV  
  70  5:56  SCV  
  73  6:01  Supply Depot  
  73  6:02  Marine  
  73  6:12  Marine  
Show
View Real Time Build Order
Export as new Build Order

FeelsBanjo Terran 

Build Orders: Reaper Expand 

Get SALT Encoding   

  12  0:01  SCV  
  13  0:13  SCV  
  14  0:17  Supply Depot  
  14  0:25  SCV  
  15  0:39  SCV  
  15  0:41  Barracks  
  16  0:44  Refinery  
  16  0:51  SCV  
  17  1:03  SCV  
  18  1:15  SCV  
  19  1:28  Reaper  
  19  1:31  Orbital Command  
  20  1:46  Command Center  
  20  1:58  Supply Depot, SCV  
  20  2:00  Marine  
  22  2:10  SCV  
  22  2:15  Factory  
  23  2:19  Marine  
  23  2:22  SCV  
  25  2:34  SCV  
  25  2:36  Refinery  
  26  2:37  Supply Depot, Marine  
  27  2:46  SCV  
  28  2:58  SCV  
  28  3:00  Orbital Command  
  28  3:05  Marine  
  29  3:06  Hellion  
  29  3:11  Starport  
  31  3:13  SCV  
  32  3:24  Barracks Reactor  
  32  3:25  SCV  
  32  3:26  SCV  
  33  3:32  Hellion  
  35  3:37  SCV  
  36  3:46  SCV  
  36  3:49  Medivac  
  36  3:50  SCV  
  36  3:55  Hellion  
  41  4:02  Liberator  
  41  4:04  SCV  
  41  4:05  Marine  
  41  4:06  Marine  
  41  4:07  Command Center  
  41  4:09  SCV  
  45  4:18  Factory Tech Lab  
  45  4:23  SCV x2  
  50  4:28  Supply Depot  
  50  4:29  Marine x2  
  52  4:35  SCV x2  
  52  4:38  Barracks  
  54  4:49  Siege Tank, SCV  
  54  4:50  Engineering Bay  
  54  4:51  SCV  
  59  4:54  Marine x2  
  61  5:00  Supply Depot  
  61  5:01  SCV  
  61  5:02  Supply Depot  
  61  5:04  Starport Reactor  
  62  5:12  Refinery  
  62  5:14  Refinery  
  62  5:18  Marine x2, SCV x2  
  66  5:22  Orbital Command  
  66  5:27  Barracks Tech Lab, Siege Tank  
  69  5:31  SCV  
  70  5:36  Marine  
  70  5:38  Marine  
  70  5:39  SCV  
  70  5:42  Medivac  
  75  5:43  Medivac  
  75  5:44  SCV  
  75  5:48  Marine  
  77  5:51  SCV  
  78  6:01  SCV  
  78  6:03  Marine  
  73  6:13  Marine  
  73  6:16  Marine, SCV  
  69  6:21  Marine  
Tags
 
Add a new tag
Caveats
  • Supply blocks, unpowered buildings, or Contaminate may cause inaccurate times.
  • Supply counts are checked every 10 seconds.